Map: Thunderbird LE

Players

gongbanger - Winner!

  • Race: Protoss Protoss
  • League: Platinum
  • Spawn Location: 5:00

pHARM

  • Race: Zerg Zerg
  • League: Platinum
  • Spawn Location: 11:00

VOD

Have the link to the VOD?

Description

Time

  • Played on: Aug. 6, 2019, 8:27 p.m.
  • Length: 18:55
Show
View Real Time Build Order
Export as new Build Order

gongbanger Protoss - Winner!

Build Orders: 1 Gate Expand 

Get SALT Encoding   

  12  0:01  Probe  
  13  0:13  Probe  
  14  0:20  Pylon  
  14  0:25  Probe  
  15  0:37  Probe  
  15  0:42  Gateway  
  16  0:45  Probe  
  17  0:50  Assimilator  
  17  0:53  Probe  
  18  1:04  Probe  
  19  1:16  Probe  
  20  1:30  Nexus  
  20  1:42  Cybernetics Core  
  20  1:43  Probe  
  21  2:00  Assimilator  
  21  2:01  Probe  
  21  2:05  Pylon  
  22  2:13  Probe  
  23  2:18  Adept  
  23  2:25  Probe  
  23  2:29  Warp Gate  
  26  2:38  Probe  
  27  2:46  Gateway  
  27  2:48  Stalker  
  27  2:50  Probe  
  30  2:53  Probe  
  31  3:02  Probe  
  31  3:05  Probe  
  33  3:07  Robotics Facility  
  33  3:14  Probe  
  34  3:31  Stalker  
  36  3:47  Stalker, Probe  
  37  3:50  Probe  
  37  3:54  Immortal  
  42  4:00  Probe  
  42  4:01  Stalker, Pylon, Gateway  
  45  4:07  Probe  
  45  4:08  Shield Battery  
  46  4:17  Pylon  
  46  4:19  Probe  
  46  4:20  Probe  
  48  4:28  Gateway  
  48  4:30  Pylon  
  48  4:31  Probe  
  49  4:35  Probe  
  50  4:43  Probe, Assimilator  
  51  4:49  Immortal  
  55  4:55  Forge  
  55  5:00  Zealot  
  55  5:01  Probe x2  
  55  5:04  Assimilator  
  59  5:09  Probe  
  59  5:13  Probe  
  61  5:15  Sentry  
  61  5:17  Sentry  
  61  5:20  Probe  
  65  5:24  Gateway  
  65  5:25  Probe  
  67  5:32  Probe  
  68  5:44  Observer  
  68  5:48  Probe  
  70  5:50  Robotics Bay  
  70  5:59  Nexus  
  70  6:02  Pylon  
  67  6:19  Protoss Ground Weapons Level 1  
  67  6:23  Probe  
  68  6:30  Pylon  
  68  6:33  Probe  
  69  6:41  Twilight Council  
  69  6:43  Probe, Nexus, Pylon  
  69  6:46  Pylon  
  70  6:48  Immortal  
  70  6:50  Probe  
  70  6:53  Pylon  
  75  6:55  Probe  
  75  6:57  Pylon  
  76  7:03  Probe  
  76  7:08  Probe  
  78  7:11  Zealot  
  78  7:15  Probe  
  81  7:16  Colossus  
  81  7:19  Gateway  
  81  7:21  Extended Thermal Lance  
  81  7:22  Forge, Charge  
  81  7:23  Gateway  
  87  7:32  Phoenix  
  87  7:33  Probe  
  87  7:36  Probe  
  89  7:46  Probe  
  90  7:52  Sentry  
  90  7:53  Sentry, Templar Archives  
  90  7:54  Protoss Ground Armor Level 1  
  94  8:07  Probe x2  
  94  8:08  Probe  
  94  8:11  Colossus  
  94  8:12  Assimilator  
  97  8:14  Assimilator  
  103  8:23  Probe  
  103  8:25  Probe  
  105  8:28  Probe  
  105  8:29  Zealot x2  
  105  8:32  Psionic Storm  
  110  8:40  Probe x2, Gateway x2  
  112  8:42  Gateway  
  112  8:48  Probe  
  112  8:52  Probe  
  112  8:53  Probe  
  115  9:00  Probe  
  115  9:01  Colossus  
  116  9:08  Pylon  
  122  9:14  Probe  
  122  9:15  Pylon  
  122  9:16  Probe  
  124  9:22  Probe  
  124  9:23  Protoss Ground Weapons Level 2  
  125  9:28  High Templar x2  
  125  9:29  High Templar, Nexus  
  125  9:30  Pylon  
  131  9:32  Probe  
  131  9:33  Pylon  
  131  9:37  Probe  
  133  9:40  High Templar  
  133  9:41  High Templar  
  133  9:43  Probe  
  133  9:44  Zealot  
  140  9:49  Pylon  
  140  9:51  Pylon  
  140  9:54  Gateway  
  140  9:55  Gateway  
  140  9:56  Gateway  
  140  9:57  Shield Battery  
  140  9:59  Photon Cannon  
  140  10:00  High Templar  
  140  10:01  High Templar  
  140  10:04  Probe  
  145  10:11  Photon Cannon  
  145  10:21  Zealot x4  
  153  10:41  Protoss Ground Armor Level 2  
  153  10:42  High Templar x2  
  157  10:44  Zealot x4  
  157  10:45  Zealot x3  
  157  10:48  Probe  
  172  10:53  Probe  
  173  10:58  Probe  
  173  10:59  Probe  
  173  11:00  Assimilator  
  173  11:01  Probe  
  173  11:03  Assimilator  
  176  11:04  Shield Battery  
  176  11:05  Photon Cannon  
  177  11:11  Observer  
  178  11:33  Observer  
  157  11:40  Protoss Ground Weapons Level 3  
  157  11:44  Immortal  
  121  11:48  Zealot x4  
  121  11:49  Stalker x3  
  139  12:11  Robotics Facility  
  139  12:14  Immortal  
  104  12:30  Probe  
  104  12:31  Zealot x3  
  104  12:32  Stalker x4  
  109  12:40  Probe  
  109  12:42  High Templar x2  
  114  12:45  Immortal  
  114  12:55  Immortal  
  118  13:08  Probe  
  123  13:15  Immortal  
  123  13:17  Nexus  
  123  13:19  Probe, Pylon  
  124  13:21  Pylon  
  124  13:26  High Templar x2  
  132  13:28  High Templar x3, Zealot  
  132  13:29  Zealot x3  
  146  13:34  Archon  
  146  13:36  Archon  
  146  13:40  Probe  
  147  13:42  Gateway  
  147  13:46  Photon Cannon  
  147  13:51  Photon Cannon, Shield Battery  
  147  13:55  Zealot x2  
  147  13:56  Zealot x2  
  155  14:03  Stargate  
  155  14:05  Observer x2, Stargate  
  155  14:08  Stalker x2, Zealot x2  
  155  14:09  Zealot, Stargate  
  167  14:12  Probe  
  167  14:15  Probe  
  169  14:24  Protoss Ground Armor Level 3  
  169  14:26  Immortal x2  
  169  14:29  Zealot x3, Probe  
  169  14:30  Zealot  
  169  14:31  Zealot, Stalker, Protoss Shields Level 1  
  184  15:04  Colossus x2  
  184  15:06  Void Ray  
  184  15:07  Void Ray  
  154  15:16  Void Ray  
  162  15:21  Stalker x2  
  162  15:22  Stalker x4  
  162  15:23  Stalker x2  
  178  15:39  Void Ray x2  
  178  15:44  Assimilator x2  
  178  15:47  High Templar  
  178  15:48  High Templar  
  178  15:49  Void Ray  
  186  15:50  Probe  
  186  15:52  Protoss Air Weapons Level 1  
  180  16:38  Stalker  
  180  16:39  Stalker x5  
  128  17:05  Stalker x4  
  128  17:06  Stalker x3  
  128  17:07  Stalker x2  
  126  17:27  Void Ray x3  
  126  17:29  Zealot  
  138  17:30  Zealot x3, Stalker  
  138  17:31  Stalker x4  
  154  17:37  Probe  
  154  17:41  Gateway  
  154  17:43  Gateway  
  155  17:46  Probe  
  156  18:03  Shield Battery  
  156  18:04  Probe  
  156  18:05  Gateway  
  157  18:08  Pylon  
  157  18:09  Void Ray, Pylon  
  161  18:15  Zealot x2, Probe  
  161  18:17  High Templar x5  
  161  18:18  Zealot x2  
  176  18:42  Zealot  
  176  18:43  Zealot x3  
  192  18:54  Zealot x2  
Show
View Real Time Build Order
Export as new Build Order

pHARM Zerg 

Build Orders: Hatch First, Brood Lord Corruptor, Roach Hydra 

Get SALT Encoding   

  12  0:01  Drone  
  13  0:15  Drone  
  13  0:18  Overlord  
  14  0:23  Drone, Extractor  
  15  0:41  Drone x2  
  17  0:55  Hatchery  
  16  1:02  Drone  
  17  1:18  Spawning Pool  
  16  1:19  Drone  
  16  1:21  Drone  
  16  1:25  Drone  
  19  1:35  Drone  
  19  1:39  Extractor  
  19  1:47  Drone  
  19  1:52  Drone  
  21  2:07  Drone, Queen  
  24  2:09  Queen  
  24  2:10  Overlord  
  26  2:24  Drone x2  
  26  2:27  Overlord  
  28  2:38  Drone x2  
  30  2:50  Lair  
  30  2:53  Drone  
  30  2:54  Drone x2  
  33  3:16  Evolution Chamber  
  32  3:24  Roach Warren  
  31  3:31  Drone x9  
  39  3:54  Queen  
  41  3:57  Roach Warren  
  41  4:00  Extractor  
  41  4:01  Drone x4, Extractor  
  42  4:05  Roach  
  44  4:16  Overlord x2  
  44  4:22  Spine Crawler  
  43  4:31  Glial Reconstitution  
  43  4:41  Roach x8  
  59  5:08  Hatchery  
  58  5:15  Drone  
  58  5:16  Drone  
  58  5:17  Overlord x2  
  58  5:20  Zerg Missile Weapons Level 1  
  60  5:28  Hydralisk Den  
  59  5:29  Drone  
  60  5:47  Drone  
  60  5:48  Drone x6  
  55  6:26  Grooved Spines  
  55  6:29  Extractor  
  55  6:30  Overlord x2  
  55  6:32  Drone  
  55  6:33  Drone x5  
  60  6:58  Drone x9  
  69  7:11  Drone x2  
  69  7:12  Overlord  
  71  7:18  Zerg Missile Weapons Level 2  
  71  7:29  Drone x2  
  73  7:34  Drone x2  
  73  7:35  Drone  
  73  7:36  Drone x2  
  78  7:39  Extractor  
  78  7:42  Extractor  
  78  7:43  Hydralisk x4  
  84  8:10  Hydralisk x11  
  106  8:35  Overlord x3  
  106  8:47  Overseer  
  106  9:14  Spire  
  106  9:16  Infestation Pit  
  104  9:18  Hydralisk x9  
  104  9:19  Hydralisk x4  
  104  9:21  Overlord x5  
  130  9:39  Roach x11  
  130  9:40  Roach x2  
  130  9:44  Muscular Augments  
  156  9:48  Hatchery  
  155  10:27  Corruptor x4  
  155  10:28  Corruptor x3  
  167  10:37  Overlord x2  
  167  10:38  Overlord  
  167  10:50  Hive  
  167  11:01  Corruptor x8  
  183  11:15  Overseer x3  
  101  11:47  Roach x8  
  101  11:48  Roach x16  
  145  11:55  Roach  
  147  12:04  Roach x3  
  139  12:16  Greater Spire  
  119  12:37  Overlord  
  119  12:38  Overlord x2  
  119  12:43  Drone x11  
  130  12:59  Extractor  
  130  13:00  Extractor  
  128  13:08  Overlord x2  
  128  13:29  Brood Lord x10  
  148  13:58  Hatchery  
  147  14:05  Hydralisk x11  
  147  14:07  Hydralisk  
  171  14:10  Zergling x2  
  171  14:11  Zergling x20  
  182  14:21  Zerg Flyer Armor Level 1  
  182  14:43  Overlord x4  
  182  14:48  Overlord  
  182  14:49  Overlord x3  
  139  15:12  Swarm Host  
  139  15:13  Swarm Host  
  145  15:15  Swarm Host  
  148  15:22  Brood Lord x4  
  156  15:49  Hatchery  
  155  15:59  Hatchery, Hydralisk x3  
  155  16:00  Hydralisk x10  
  155  16:03  Overlord x6  
  155  16:04  Overlord  
  180  16:11  Spine Crawler  
  180  16:12  Spine Crawler  
  180  16:13  Spine Crawler x2  
  180  16:14  Spore Crawler  
  180  16:15  Spine Crawler  
  174  16:19  Drone  
  174  16:20  Drone x14  
  177  16:30  Hydralisk x2  
  177  16:31  Hydralisk  
  116  17:01  Hydralisk x8  
  116  17:02  Hydralisk x3  
  116  17:03  Hydralisk  
  136  17:20  Extractor  
  136  17:22  Extractor  
  102  17:33  Corruptor x3  
  106  17:49  Corruptor  
  106  17:50  Corruptor  
  110  18:07  Brood Lord  
  110  18:08  Brood Lord  
  110  18:11  Brood Lord  
  110  18:12  Hatchery  
  110  18:23  Brood Lord  
Tags
 
Add a new tag
Caveats
  • Supply blocks, unpowered buildings, or Contaminate may cause inaccurate times.
  • Supply counts are checked every 10 seconds.